 Dungeon Crawl Stone Soup version 0.28.0-43-g3370ac3207 (webtiles) character file.

Game seed: 17364487575464043124

399 boopmooplesden the Skirmisher (level 6, 0/84 HPs)
             Began as a Minotaur Berserker on Mar 30, 2022.
             Was a Priest of Trog.
             Slain by Menkaure (8 damage)
             ... on level 5 of the Dungeon.
             The game lasted 00:04:00 (3789 turns).

boopmooplesden the Skirmisher (Minotaur Berserker)  Turns: 3789, Time: 00:04:00

Health: 0/84       AC:  8    Str: 22    XL:     6   Next: 53%
Magic:  5/5        EV: 11    Int:  7    God:    Trog [***...]
Gold:   172        SH:  0    Dex: 11    Spells: 5/5 levels left

rFire   . . .      SeeInvis .   e - +1 mace "Beetleslayer" {drain, Int+3}
rCold   + . .      Faith    .   (no shield)
rNeg    . . .      Spirit   .   k - +0 scale mail
rPois   .          Reflect  .   (helmet restricted)
rElec   .          Harm     .   (no cloak)
rCorr   .          Rampage  .   n - +0 pair of gloves
Will    .....                   (no boots)
Stlth   ..........              (no amulet)
HPRegen 0.24/turn               f - ring of protection from cold
MPRegen 0.09/turn               (no ring)

@: berserking, very quick
A: horns 2, retaliatory headbutt
a: Renounce Religion, Berserk, Trog's Hand


You were on level 5 of the Dungeon.
You worshipped Trog.
Trog was most pleased with you.
You visited 1 branch of the dungeon, and saw 5 of its levels.

You collected 172 gold pieces.

Inventory:

Hand Weapons
 a - a +0 falchion
 e - the +1 mace "Beetleslayer" (weapon) {drain, Int+3}
   (You found it on level 2 of the Dungeon)

   A truly terrible weapon, it drains the life of any living foe it strikes.
   Int:       It affects your intelligence (+3).
Missiles
 d - a throwing net (quivered)
 g - 2 boomerangs
Armour
 k - a +0 scale mail (worn)
 n - a +0 pair of gloves (worn)
Jewellery
 f - a ring of protection from cold (left hand)
 r - a +4 ring of protection
Scrolls
 b - a scroll of acquirement {unknown}
 i - 2 scrolls of blinking {unknown}
 m - 2 scrolls of teleportation
 p - a scroll of immolation {unknown}
 q - a scroll of identify
Potions
 c - a potion of degeneration
 h - a potion of invisibility
 j - a potion of magic
 l - a potion of attraction {unknown}
 o - a potion of might {unknown}


   Skills:
 + Level 5.4 Fighting
 + Level 4.5 Long Blades
 + Level 3.9 Maces & Flails
 + Level 4.2 Armour
 + Level 3.3 Dodging
 + Level 0.7 Stealth


You had 5 spell levels left.
You didn't know any spells.
Your spell library was empty.

Dungeon Overview and Level Annotations

Branches:
Dungeon (5/15)
 Temple: D:4-7

Altars:
Ashenzari
Dithmenos
Elyvilon
Yredelemnul
Zin
The Shining One

Shops:
D:2 (!

Annotations:
D:5 Menkaure


Innate Abilities, Weirdness & Mutations

You have a pair of horns on your head.
You reflexively headbutt those who attack you in melee.


Message History

You open the door.
There is an open door here.
r - a +4 ring of protection You open the door.
There is an open door here.
Found a ring mail.
Menkaure, Prince of Dust comes into view.
Menkaure casts a spell.
Menkaure seems to speed up.
Menkaure is nearby!
Menkaure is nearby!
An orc comes into view. It is wielding a +0 war axe.
The orc shouts!
You hit Menkaure. You headbutt Menkaure!
Menkaure is heavily damaged.
Menkaure closely misses you.
You barely miss Menkaure. Your headbutt misses Menkaure.
Menkaure is heavily damaged.
Menkaure hits you!
Menkaure calls on the powers of darkness!
Your body is wracked with pain!
The orc convulses!
You barely miss Menkaure. Your punch misses Menkaure.
Menkaure is heavily damaged.
The orc hits you with a +0 war axe.
Menkaure gestures at you while chanting.
You barely resist. You barely miss Menkaure.
Menkaure is heavily damaged.
Menkaure barely misses you. The orc hits you with a +0 war axe.
Menkaure hits you. The orc barely misses you. You furiously retaliate!
You headbutt the orc. You completely miss Menkaure.
Menkaure is heavily damaged.
Menkaure hits you!
* * * LOW HITPOINT WARNING * * *
The orc hits you with a +0 war axe.
* * * LOW HITPOINT WARNING * * *
A red film seems to cover your vision as you go berserk!
You feel yourself moving faster!
You feel mighty! Menkaure hits you!
You die...

#..............##
#.
###..#...#..#..#
#.
#...##'##.##.##
.. #.#.......####
. ...###....##
#.####...####
#.###.##...###
......o#.###
#..M@.#
#####.....#
##.#..# .# .# ##
.. .. .


You could see Menkaure (fast) and an orc.

Vanquished Creatures
  3 scorpions (D:4)
  An orc priest (D:3)
  3 orc wizards
  2 adders
  2 ufetubi
  2 worms (D:3)
  A dart slug (D:3)
  9 orcs
  5 ball pythons
  4 endoplasms
  4 goblins
  4 hobgoblins
  4 jackals
  5 quokkas
  9 bats
  4 frilled lizards
  A goblin skeleton (D:4)
  10 kobolds
  4 rats
77 creatures vanquished.

Vanquished Creatures (others)
  A fungus (D:4)
1 creature vanquished.

Grand Total: 78 creatures vanquished

Notes
Turn   | Place    | Note
-------+----------+-------------------------------------------
     0 | D:1      | boopmooplesden the Minotaur Berserker began the quest for
                  | the Orb.
     0 | D:1      | Reached XP level 1. HP: 19/19 MP: 0/0
   285 | D:1      | Reached skill level 4 in Fighting
   285 | D:1      | Reached XP level 2. HP: 20/27 MP: 1/1
   887 | D:2      | Found Runiryuni's Weapon Boutique.
   922 | D:2      | Identified the +1 mace "Beetleslayer" {drain, Int+3}
   931 | D:2      | Found Qotapyff's Distillery.
  1207 | D:2      | Reached XP level 3. HP: 32/34 MP: 2/2
  1278 | D:2      | Reached ** piety under Trog
  1841 | D:3      | Reached skill level 1 in Maces & Flails
  1994 | D:3      | Reached XP level 4. HP: 41/41 MP: 3/3
  2000 | D:3      | Reached skill level 5 in Fighting
  2000 | D:3      | Reached XP level 5. HP: 48/48 MP: 4/4
  2160 | D:3      | Found a faded altar of an unknown god.
  2268 | D:3      | Found a shadowy altar of Dithmenos.
  2911 | D:4      | Found a runed translucent door.
  2911 | D:4      | Noticed a human
  2915 | D:4      | Found a basalt altar of Yredelemnul.
  3295 | D:4      | Found a white marble altar of Elyvilon.
  3295 | D:4      | Found a glowing golden altar of the Shining One.
  3301 | D:4      | Found a glowing silver altar of Zin.
  3406 | D:4      | Reached *** piety under Trog
  3413 | D:4      | Reached XP level 6. HP: 49/56 MP: 5/5
  3741 | D:5      | Entered Level 5 of the Dungeon
  3756 | D:5      | Found a broken altar of Ashenzari.
  3782 | D:5      | Noticed Menkaure
  3789 | D:5      | Slain by Menkaure

Illustrated notes

Levels and vault maps discovered:
D:1:      onia_arrival_pyramid, layout_rooms
D:2:      kennysheep_big_flooded_room, layout_basic, serial_shops, shop,
          nicolae_shop_behind_doors, hangedman_decor_growths, hex_tiny
D:3:      layout_loops_ring, nicolae_overflow_hidden_temple,
          shapermc_ecumenical_altar_mp_vishouse
D:4:      old_forge, layout_basic, good_gods_mini_temple, dk_yredelemnul_ordeal,
          hangedman_decor_peaks_small, nicolae_underground_beach
D:5:      minmay_bubble_buster, layout_rooms, evilmike_ruin_ashenzari,
          minmay_misc_feat_enclosed, roderic_serpentine_path, dk_noncrumbling_4,
          uniq_menkaure, uniq_blork_the_orc

Skill      XL: |  1  2  3  4  5  6 |
---------------+-------------------+-----
Fighting       | 4 5 |  5.4
Long Blades    | 4 |  4.5
Maces & Flails | 1 2 3 |  3.9
Armour         | 3 4 |  4.2
Dodging        | 3 |  3.3
Stealth        | |  0.7

Action                   |  1- 3 |  4- 6 || total
-------------------------+-------+-------++-------
Melee: Falchion          |    35 |       ||    35
       Headbutt          |     6 |     6 ||    12
       Mace              |    44 |    74 ||   118
       Punch             |       |     1 ||     1
Invok: Berserk           |     2 |     1 ||     3
  Use: Scroll            |     2 |     6 ||     8
Armor: Animal skin       |    12 |       ||    12
       Scale mail        |    13 |    55 ||    68
Dodge: Dodged            |    56 |    53 ||   109
